 Dungeon Crawl Stone Soup version 0.17-a0-1714-g35622ae (webtiles) character file.

224 urechis the Chiller (level 5, -5/38 HPs)
             Began as a Demonspawn Ice Elementalist on Aug 23, 2015.
             Killed from afar by Sigmund (9 damage)
             ... with a puff of flame
             ... on level 2 of the Dungeon.
             The game lasted 00:16:05 (3864 turns).

urechis the Chiller (Demonspawn Ice Elementalist)   Turns: 3864, Time: 00:16:05

Health: -5/38      AC:  2    Str:  8 (9)  XL:     5   Next: 67%
Magic:  10/10      EV: 13    Int: 16      God:
Gold:   106        SH:  0    Dex: 22      Spells: 2 memorised, 7 levels left

rFire  . . .     SeeInvis .     j - +0 spear
rCold  . . .     Clarity  .     a - +0 robe
rNeg   . . .     SustAt   .     (no shield)
rPois  .         Gourm    .     (helmet restricted)
rElec  .         Spirit   .     n - +0 cloak
rCorr  .         Warding  .     (no gloves)
rMut   .         Stasis   .     (no boots)
MR     .....                    (no amulet)
Stlth  ++........               (no ring)
                                g - +6 ring of dexterity

@: confused, lethally poisoned (-5 -> -16), not resistant to hostile
enchantments, unstealthy
A: antennae 1, beak, thin skeletal structure 1, deformed body, robust 1
a: no special abilities


You were on level 2 of the Dungeon.
You were not hungry.

You visited 1 branch of the dungeon, and saw 3 of its levels.

You collected 106 gold pieces.

Inventory:

Hand weapons
 j - a +0 spear (weapon)
 r - a +1 trident of pain
Missiles
 k - 7 javelins (quivered)
Armour
 a - a +0 robe (worn)
 n - a +0 cloak (worn)
Jewellery
 g - a +6 ring of dexterity (left hand)
Scrolls
 e - 4 scrolls of remove curse {unknown}
 i - a scroll of identify {unknown}
 l - 3 scrolls of fear {unknown}
 p - a scroll of teleportation {unknown}
 q - a scroll of random uselessness {unknown}
 s - a scroll of recharging {unknown}
Books
 b - a book of Frost

   Spells                             Type                      Level
   a - Freeze                         Ice                          1
   b - Throw Frost                    Conjuration/Ice              2
   c - Ozocubu's Armour               Charms/Ice                   3
   d - Throw Icicle                   Conjuration/Ice              4
   e - Summon Ice Beast               Ice/Summoning                4
   f - Condensation Shield            Ice                          4
Comestibles
 c - a bread ration
 m - a meat ration
 o - a beef jerky
 t - a slice of pizza
 u - 2 chunks of flesh


   Skills:
 - Level 1.7 Dodging
 - Level 1.7 Stealth
 + Level 3.9 Spellcasting
   Level 1.0 Conjurations
 + Level 4.7 Ice Magic


You had 7 spell levels left.
You knew the following spells:

 Your Spells              Type           Power        Failure   Level  Hunger
a - Freeze                Ice            ###.         2%          1    None
b - Ozocubu's Armour      Chrm/Ice       ##......     21%         3    ###....


Dungeon Overview and Level Annotations

Branches:
Dungeon (3/15)

Altars:
Gozag
Qazlal

Annotations:
D:2 Sigmund; Terence
D:3 bohran's ghost, average DsNe


Innate Abilities, Weirdness & Mutations

You have a pair of small antennae on your head.
You have a somewhat thin skeletal structure (Dex +2, Stealth).
You have a beak for a mouth.
Armour fits poorly on your strangely shaped body.
You are robust (+10% HP).


Message History

You feel sick.
Terence zaps a wand.
You resist with some effort.
You're too confused!
Unknown command.
Unknown command.
* * * LOW HITPOINT WARNING * * *
You feel sick. Terence hits you with a hand axe.
* * * LOW HITPOINT WARNING * * *
Sigmund barely misses you.
* * * LOW HITPOINT WARNING * * *
You feel sick. Terence hits you with a hand axe.
* * * LOW HITPOINT WARNING * * *
Sigmund whispers, "You'll know eternity soon."
Sigmund barely misses you.
* * * LOW HITPOINT WARNING * * *
You feel sick.
Terence zaps a wand.
You resist with some effort.
* * * LOW HITPOINT WARNING * * *
You feel sick.
Sigmund points at you and mumbles some strange words.
The puff of flame hits you!
You die...

#######.##########.#.....#
#.# #.#รท.########### #.#
#######.#.....#....... #.#
#...........#.#.###### #.#
#.#.#####...#.#.# # #.#
#...........#.#.###### #.#
#...######............
#.####...######....#.######
#........@@.@......#.####
######...#####.....#....###
#...# #............. #...#
#.......##.### #...#
#.......##.#
#...#####....##.##.###
##..)........##......#
#.#.#####...##.)#.#.# #.#.#
######.......


You could see Sigmund and Terence.

Vanquished Creatures
  A crimson imp (D:3)
  Ijyb (D:2)
  A worker ant (D:1)
  A gnoll (D:1)
  Robin (D:2)
  2 adders
  3 oozes
  2 worms
  4 giant geckos
  2 orcs (D:3)
  4 bats
  6 hobgoblins
  8 jackals
  4 giant cockroaches
  21 goblins
  6 kobolds
  A quokka (D:2)
  13 rats
81 creatures vanquished.

Notes
Turn   | Place    | Note
--------------------------------------------------------------
     0 | D:1      | urechis the Demonspawn Ice Elementalist began the quest for the Orb.
     0 | D:1      | Reached XP level 1. HP: 13/13 MP: 3/3
   232 | D:1      | Gained mutation: You have a pair of small antennae on your head. [demonic ancestry]
   232 | D:1      | Reached XP level 2. HP: 19/19 MP: 1/5
   318 | D:1      | Reached skill level 3 in Ice Magic
   842 | D:1      | Reached XP level 3. HP: 8/24 MP: 0/6
  1437 | D:1      | Learned a level 3 spell: Ozocubu's Armour
  1512 | D:1      | Gained mutation: You have a somewhat thin skeletal structure (Dex +2, Stealth). [demonic ancestry]
  1512 | D:1      | Reached XP level 4. HP: 25/30 MP: 5/8
  1905 | D:2      | Reached skill level 4 in Ice Magic
  1966 | D:2      | Noticed Terence
  2005 | D:2      | Noticed Robin
  2071 | D:2      | Killed Robin
  2272 | D:2      | Found an opulent altar of Gozag.
  2272 | D:2      | Found a stormy altar of Qazlal.
  2459 | D:2      | Noticed Sigmund
  2905 | D:2      | Noticed Ijyb
  2915 | D:2      | Killed Ijyb
  2915 | D:2      | Reached XP level 5. HP: 25/35 MP: 2/10
  3580 | D:3      | Noticed bohran's ghost (average DsNe)
  3857 | D:2      | Gained mutation: You have a beak for a mouth. [potion of mutation]
  3857 | D:2      | Gained mutation: You are robust (+10% HP). [potion of mutation]
  3857 | D:2      | Gained mutation: Armour fits poorly on your strangely shaped body. [potion of mutation]
  3864 | D:2      | Killed from afar by Sigmund

Vault maps used:
D:1:      minmay_arrival_split_and_join
D:2:      gammafunk_temple_overflow_statue, uniq_sigmund, uniq_iyjb,
          uniq_terence, uniq_robin
D:3:      serial_forest, infiniplex_forest_pool, infiniplex_forest_zigzag_1,
          infiniplex_forest_lined_1, infiniplex_forest_lined_room_2,
          infiniplex_forest_straight_2, infiniplex_forest_lined_room_,
          infiniplex_forest_diagonal, infiniplex_forest_lined_3_way,
          infiniplex_forest_straight_4

Action                   |  1- 3 |  4- 6 || total
-------------------------+-------+-------++-------
Melee: Unarmed           |     5 |       ||     5
       Club              |     3 |       ||     3
       Spear             |     3 |    68 ||    71
 Cast: Freeze            |    54 |    71 ||   125
       Ozocubu's Armour  |       |     1 ||     1
  Use: Potion            |     1 |     6 ||     7
 Stab: Sleeping          |       |     7 ||     7
       Distracted        |       |     3 ||     3
  Eat: Chunk             |     2 |     8 ||    10
